 Dungeon Crawl Stone Soup version 0.25-a0-503-ge281fa673e (webtiles) character file.

Game seed: 15917889708736924714, levelgen mode: deterministic

2888 asdasdghdsg the Grappler (level 9, -7/84 HPs)
             Began as a Troll Berserker on Feb 13, 2020.
             Was an Elder of Trog.
             Mangled by a gnoll
             ... wielding a +0 flail
              (9 damage)
             ... on level 7 of the Dungeon.
             The game lasted 00:11:44 (4005 turns).

asdasdghdsg the Grappler (Troll Berserker)          Turns: 4005, Time: 00:11:44

Health: -7/84      AC:  8    Str: 27    XL:     9   Next: 48%
Magic:  8/8        EV: 12    Int:  3    God:    Trog [****..]
Gold:   230        SH:  0    Dex: 12    Spells: 8/8 levels left

rFire    x . .     SeeInvis .     - Unarmed
rCold    + . .     Gourm    +   (no shield)
rNeg     . . .     Faith    .   a - +2 animal skin
rPois    .         Spirit   .   (helmet restricted)
rElec    .         Reflect  .   (no cloak)
rCorr    .         Harm     .   (gloves unavailable)
MR       .....                  (boots unavailable)
Stlth    ++........             (no amulet)
HPRegen  0.64/turn              l - ring of ice
MPRegen  0.11/turn              (no ring)

@: lethally poisoned (-7 -> -7), berserk cooldown, slowed, very slow
A: large, unfitting armour, claws 3, fast metabolism 3, gourmand, regeneration
1, shaggy fur 1, tough skin 3
a: Berserk, Trog's Hand, Brothers in Arms, Renounce Religion


You were on level 7 of the Dungeon.
You worshipped Trog.
Trog was greatly pleased with you.
You were not hungry.

You visited 1 branch of the dungeon, and saw 7 of its levels.

You collected 230 gold pieces.

Inventory:

Armour
 a - a +2 animal skin (worn)
Jewellery
 l - a ring of ice (left claw)
Wands
 i - a wand of clouds (9)
 r - a wand of iceblast (9)
Scrolls
 f - 2 scrolls of remove curse
 g - 4 scrolls of teleportation
 j - a scroll of fear {unknown}
 k - a scroll of immolation {unknown}
 o - a scroll of magic mapping {unknown}
Potions
 c - a potion of might {unknown}
 d - a potion of resistance {unknown}
 e - 2 potions of haste {unknown}
 h - 3 potions of mutation
 n - a potion of cancellation {unknown}
 p - 2 potions of brilliance {unknown}
 q - 2 potions of lignification {unknown}
Comestibles
 b - 7 rations


   Skills:
 + Level 4.1 Fighting
 + Level 5.9 Dodging
 + Level 1.7 Stealth
 + Level 10.6 Unarmed Combat


You had 8 spell levels left.
You didn't know any spells.
Your spell library was empty.

Dungeon Overview and Level Annotations

Branches:
Dungeon (7/15)             Temple (0/1) D:5

Altars:

Shops:
D:4 *

Annotations:
D:7 Joseph


Innate Abilities, Weirdness & Mutations

You are too large for most types of armour.
You have claws for hands.
Your metabolism is lightning-fast.
You like to eat raw meat.
Your natural rate of healing is unusually fast.
You are covered in fur. (AC +1)
You have extremely tough skin. (AC +3)


Message History

The gnoll is almost dead.
The gnoll hits you but does no damage. The ooze hits you but does no damage.
The gnoll hits you but does no damage.
You closely miss the gnoll.
The gnoll is almost dead.
You are no longer berserk.
You are exhausted.
You feel yourself slow down.
You feel sick.
A quokka comes into view.
The gnoll closely misses you. The gnoll misses you.
You closely miss the gnoll.
The gnoll is almost dead.
You feel sick.
The gnoll hits you from afar with a +0 spear.
* * * LOW HITPOINT WARNING * * *
The ooze hits you but does no damage.
The gnoll hits you from afar with a +0 spear.
* * * LOW HITPOINT WARNING * * *
The gnoll hits you with a +0 flail!
You die...

$........#.........
..............#.........
........................
.......#.<....#.....#...
.....#....##.[#.......##
#.............[....##...
.r...g....##.###.>....##
.#..ogJg†...........>...
...(..)@..........)...##
......[)####..##.......>
##..###.# #.^# ########
... #.. #..# . . ##.
#..( .# #.... .. .#....
.. ....... ..##...


You could see an orc wizard, 3 gnolls, an ooze and a quokka (wandering).

Vanquished Creatures
  The ghost of anet the Magician, a novice DEWz of Ashenzari (D:6)
  A hornet (D:7)
  Grinder (D:3)
  Prince Ribbit (D:5)
  A hippogriff (D:7)
  Sigmund (D:3)
  A hungry ghost (D:4)
  Duvessa (D:5)
  2 sky beasts (D:5)
  A necrophage (D:6)
  An ogre (D:7)
  2 bullfrogs (D:6)
  Dowan (D:5)
  A scorpion (D:5)
  A crimson imp (D:5)
  2 hounds (D:4)
  A bullfrog skeleton (D:5)
  3 jellies
  2 orc priests (D:5)
  3 orc wizards
  A gnoll shaman (D:7)
  An iguana (D:4)
  4 worker ants
  A hound zombie (D:6)
  Robin (D:3)
  4 gnolls (D:3)
  8 adders
  A river rat (D:6)
  2 shadow imps (D:5)
  An ooze (D:3)
  An adder skeleton (D:4)
  2 worms
  A dart slug (D:3)
  5 leopard geckos
  27 orcs
  A ball python (D:3)
  10 giant cockroaches
  14 goblins
  10 hobgoblins
  7 jackals
  2 kobolds (D:1)
  2 quokkas
  7 bats
  3 frilled lizards
  6 rats
150 creatures vanquished.

Notes
Turn   | Place    | Note
-------+----------+-------------------------------------------
     0 | D:1      | asdasdghdsg the Troll Berserker began the quest for the
                  | Orb.
     0 | D:1      | Reached XP level 1. HP: 22/22 MP: 0/0
    46 | D:1      | Reached XP level 2. HP: 22/29 MP: 1/1
   241 | D:1      | Reached ** piety under Trog
   241 | D:1      | Reached XP level 3. HP: 36/36 MP: 2/2
   602 | D:2      | You fall into a shaft and drop 2 floors!
   608 | D:4      | Reached skill level 4 in Unarmed Combat
   608 | D:4      | Reached XP level 4. HP: 44/44 MP: 3/3
   817 | D:4      | Reached XP level 5. HP: 53/53 MP: 4/4
  1076 | D:4      | Found Ajuim Now's General Store.
  1145 | D:4      | Noticed a hungry ghost
  1156 | D:4      | Reached skill level 5 in Unarmed Combat
  1171 | D:4      | Killed a hungry ghost
  1171 | D:4      | Reached XP level 6. HP: 58/61 MP: 5/5
  1300 | D:3      | Noticed Grinder
  1307 | D:3      | Reached *** piety under Trog
  1334 | D:3      | Killed Grinder
  1334 | D:3      | Reached skill level 6 in Unarmed Combat
  1334 | D:3      | Reached XP level 7. HP: 6/67 MP: 6/6
  1539 | D:3      | Noticed Robin
  1551 | D:3      | Killed Robin
  1835 | D:3      | Noticed Sigmund
  1842 | D:3      | Killed Sigmund
  1842 | D:3      | Reached skill level 7 in Unarmed Combat
  1921 | D:5      | Entered Level 5 of the Dungeon
  1974 | D:5      | Found a staircase to the Ecumenical Temple.
  2042 | D:5      | Reached **** piety under Trog
  2052 | D:5      | Noticed Duvessa
  2052 | D:5      | Noticed Dowan
  2056 | D:5      | Killed Duvessa
  2056 | D:5      | Reached XP level 8. HP: 45/75 MP: 7/7
  2063 | D:5      | Killed Dowan
  2094 | D:5      | Reached skill level 5 in Dodging
  2094 | D:5      | Reached skill level 8 in Unarmed Combat
  2220 | D:5      | Noticed Prince Ribbit
  2225 | D:5      | Killed Prince Ribbit
  2352 | D:5      | Reached skill level 1 in Stealth
  2464 | D:5      | Reached skill level 9 in Unarmed Combat
  3031 | D:6      | Found a runed translucent door.
  3037 | D:6      | Noticed anet's ghost (novice DEWz)
  3502 | D:6      | Found a runed translucent door.
  3818 | D:6      | Killed anet's ghost
  3818 | D:6      | Reached XP level 9. HP: 60/84 MP: 8/8
  3916 | D:7      | Reached skill level 10 in Unarmed Combat
  3947 | D:7      | Noticed Joseph
  4005 | D:7      | HP: 3/84 [gnoll/+0 spear (6)]
  4005 | D:7      | Mangled by a gnoll

Levels and vault maps discovered:
D:1:      sevenhm_arrival_forest_fort_small_3, layout_rooms, st_stairs_4,
          minmay_worlds_worst_comb
D:2:      layout_loops_cross, lemuel_zombie_altar_kikubaaqudgha, uniq_natasha
D:3:      layout_basic, kennysheep_nub, uniq_robin, uniq_grinder, uniq_sigmund
D:4:      layout_loops_ring, first_ration, serial_shops, nicolae_shop_stone,
          kennysheep_generic_room_15
D:5:      layout_basic, minmay_temple_entry_overgrown, hangedman_decor_riveting,
          uniq_duvessa, uniq_prince_ribbit1
D:6:      layout_loops_corners, ebering_ghost_sewer_f
D:7:      layout_rooms, nicolae_underground_beach, uniq_joseph

Skill      XL: |  1  2  3  4  5  6  7  8  9 |
---------------+----------------------------+-----
Dodging        | 3 4 5 |  5.9
Unarmed Combat | 4 5 6 7 9 10 | 10.6
Fighting       | 3 4 |  4.1
Stealth        | 1 |  1.7

Action                   |  1- 3 |  4- 6 |  7- 9 || total
-------------------------+-------+-------+-------++-------
Melee: Unarmed           |    71 |   102 |   211 ||   384
       Punch             |     1 |     2 |    11 ||    14
Invok: Berserk           |       |     1 |     3 ||     4
  Use: Scroll            |       |       |     7 ||     7
 Stab: Sleeping          |       |       |     2 ||     2
  Eat: Chunk             |    11 |     7 |    28 ||    46
       Ration            |       |       |     1 ||     1
Armor: Animal skin       |    38 |    51 |    82 ||   171
Dodge: Dodged            |    57 |    61 |   103 ||   221

Table legend:
 A = Non-vault XP
 B = Vault XP
 C = Vault XP percentage of total XP
 D = Non-vault monster count
 E = Vault monster count
 F = Vault count percentage of total count
                 A         B        C        D         E       F
            +---------+---------+-------+---------+---------+-------
      Total |    2396 |    1731 |  41.9 |     119 |      31 |  20.7
            +---------+---------+-------+---------+---------+-------
        D:1 |      56 |      12 |  17.6 |      30 |       6 |  16.7
        D:3 |     181 |     539 |  74.9 |      27 |      13 |  32.5
        D:4 |     389 |       7 |   1.8 |      25 |       2 |   7.4
        D:5 |     755 |     500 |  39.8 |      22 |       3 |  12.0
        D:6 |     147 |     673 |  82.1 |       3 |       7 |  70.0
        D:7 |     868 |       0 |   0.0 |      12 |       0 |   0.0
            +---------+---------+-------+---------+---------+-------
